 Dungeon Crawl Stone Soup version 0.30.0-29-ga12c61a403 (webtiles) character file.

Game seed: 559600506128065212

330 monsoonserge the Ducker (level 6, -1/50 HPs)
             Began as a Merfolk Monk on June 15, 2023.
             Killed from afar by Sigmund (5 damage)
             ... with a puff of flame
             ... on level 4 of the Dungeon.
             The game lasted 00:09:17 (2991 turns).

monsoonserge the Ducker (Merfolk Monk)              Turns: 2991, Time: 00:09:18

Health: -1/50      AC:  7    Str: 11    XL:     6   Next: 51%
Magic:  6/6        EV: 10    Int: 10    God:
Gold:   280        SH:  4    Dex: 18    Spells: 5/5 levels left

rFire   . . .        o - +9 dagger of Chaos {heavy, Drain rElec rPois Stlth-}
rCold   . . .        A - +0 buckler
rNeg    . . .        u - +0 scale mail
rPois   +            (no helmet)
rElec   +            (no cloak)
rCorr   .            (no gloves)
SInv    .            t - +0 pair of boots
Will    .....        (no amulet) Stlth
                     (no ring)
HPRegen 0.28/turn    (no ring)
MPRegen 0.10/turn

%: no passive effects
@: studying Stealth
A: (nimble swimmer 2), mertail
a: no special abilities


You were on level 4 of the Dungeon.
You visited 1 branch of the dungeon, and saw 5 of its levels.

You collected 280 gold pieces.

Inventory:

Hand Weapons
 a - a +0 falchion
 m - a +0 short sword of draining
 n - the +8 mace of the Fifty Artists {speed, Str+4}
   (You found it on level 3 of the Dungeon)

   Str:       It affects your strength (+4).
 o - the +9 dagger of Chaos (weapon) {heavy, Drain rElec rPois Stlth-}
   (You found it on level 3 of the Dungeon)

   rElec:     It insulates you from electricity.
   rPois:     It protects you from poison.
   Drain:     It drains your maximum health when unequipped.
   Stlth:     It makes you less stealthy.
Missiles
 h - 5 boomerangs (quivered)
 v - 6 poisoned darts
Armour
 b - a +0 robe
 p - a +0 leather armour
 t - a +0 pair of boots (worn)
 u - a +0 scale mail (worn)
 z - a +0 ring mail
 A - a +0 buckler (worn)
Jewellery
 e - a ring of ice
Scrolls
 d - a scroll of silence {unknown}
 f - a scroll of fear {unknown}
 l - a scroll of immolation {unknown}
 s - a scroll of vulnerability {unknown}
 x - a scroll of noise {unknown}
 y - a scroll of identify {unknown}
 B - a scroll of enchant armour {unknown}
Potions
 c - a potion of ambrosia
 g - 6 potions of curing {unknown}
 i - 2 potions of haste {unknown}
 j - 2 potions of flight {unknown}
 k - a potion of attraction {unknown}
 q - 3 potions of heal wounds {unknown}
 r - 2 potions of mutation {unknown}
 w - 2 potions of degeneration {unknown}


   Skills:
 + Level 4.9 Fighting
 + Level 1.7(3.7) Short Blades
 - Level 5.1(5.3) Long Blades
 + Level 2.0 Armour
 + Level 5.2 Dodging
 + Level 0.7 Stealth
 + Level 0.1 Shields


You had 5 spell levels left.
You didn't know any spells.
Your spell library contained the following spells:

 Spells                   Type           Power      Damage    Failure   Level
 Freeze                   Ice            0%         1d3       97%         1
 Frozen Ramparts          Ice            0%         1d1       100%        3
 Hailstorm                Conj/Ice       0%         3d3       100%        3
 Summon Guardian Golem    Hex/Summ       0%         N/A       100%        3
 Orb of Destruction       Conj           0%         9d5       100%        7
 Spellforged Servitor     Conj/Summ      0%         N/A       100%        7


Dungeon Overview and Level Annotations

Branches:
Dungeon (5/15)
 Temple: D:4-7

Altars:
Ashenzari
Cheibriados
Elyvilon
Fedhas
Kikubaaqudgha

Annotations:
D:4 Sigmund
D:5 Pikel


Innate Abilities, Weirdness & Mutations

((You are very nimble when in or above water. (Stealth+, EV+, Speed+++)))
Your lower body shifts to a powerful aquatic tail in water.


Message History

Pikel barely misses you.
You miss Pikel.
Pikel is heavily wounded.
The lemure closely misses you.
Pikel hits you with a +1 whip of flaming.
Pikel burns you.
You hit Pikel but do no damage.
Pikel is heavily wounded.
The lemure closely misses you.
Pikel hits you with a +1 whip of flaming.
Pikel burns you. The lemure hits you but does no damage.
You hit Pikel but do no damage.
Pikel is heavily wounded.
The lemure hits you but does no damage.
Pikel hits you with a +1 whip of flaming.
Pikel burns you. The lemure hits you.
You hit Pikel.
Pikel is severely wounded.
The lemure closely misses you. Pikel hits you but does no damage.
The lemure barely misses you.
Pikel says, "You'll rust in Dis!"
Pikel hits you with a +1 whip of flaming.
Pikel burns you. The lemure hits you. The lemure hits you!
* * * LOW HITPOINT WARNING * * *
The lemure attacks as you move away! The lemure closely misses you.
Pikel closely misses you.
Okay, then.
Sorry, you're not good enough to have a special ability.
Pikel zaps a wand.
The mass of ice explodes!
The iceblast engulfs you!
* * * LOW HITPOINT WARNING * * *
You hear a shout!
There is a stone staircase leading up here.
You climb upwards.
Level annotation: Sigmund The orc shouts!
Found a stone staircase leading down.
There is a stone staircase leading down here.
Sigmund points at you and mumbles some strange words.
The puff of flame hits you.
You die...

.... ##..##.......#
.#.... #...##.....### ..
.................##
#.##.##...............
#....>.................#
.........#.............#
........##.............#
.........##............#
.#.#....@..............#
.....@.>........
.......#........
......##........ .##...
#........ .o.. ...###...
...## ...# ... #.. ....
.. ## ...


You could see Sigmund and an orc.

Vanquished Creatures
  A scorpion (D:3)
  A gnoll bouda (D:3)
  2 hounds
  An iguana (D:4)
  Terence (D:2)
  An orc wizard (D:3)
  2 gnolls
  2 adders
  An ufetubus (D:5)
  A dart slug (D:1)
  2 orcs (D:3)
  2 bats
  3 endoplasms (D:1)
  4 giant cockroaches
  2 goblins
  8 hobgoblins
  4 jackals
  3 quokkas
  8 ball pythons
  3 frilled lizards
  4 kobolds
  5 rats
61 creatures vanquished.

Notes
Turn   | Place    | Note
-------+----------+-------------------------------------------
     0 | D:1      | monsoonserge the Merfolk Monk began the quest for the Orb.
     0 | D:1      | Reached XP level 1. HP: 18/18 MP: 1/1
    70 | D:1      | Reached XP level 2. HP: 24/24 MP: 2/2
   595 | D:1      | Reached XP level 3. HP: 23/30 MP: 3/3
   688 | D:2      | Noticed Terence
   698 | D:2      | Killed Terence
   801 | D:2      | You fall into a shaft and drop 1 floor!
   812 | D:3      | Identified the +8 mace of the Fifty Artists {speed, Str+4}
   818 | D:3      | Found a white marble altar of Elyvilon.
   860 | D:3      | Identified the +9 dagger of Chaos {heavy, Drain rElec rPois
                  | Stlth-}
   894 | D:3      | Found a snail-covered altar of Cheibriados.
   965 | D:2      | Reached XP level 4. HP: 37/37 MP: 4/4
  1065 | D:2      | Found a faded altar of an unknown god.
  1233 | D:2      | Found an ancient bone altar of Kikubaaqudgha.
  1649 | D:3      | Noticed a scorpion
  1654 | D:3      | Killed a scorpion
  1655 | D:3      | Reached skill level 5 in Long Blades
  1655 | D:3      | Reached XP level 5. HP: 34/43 MP: 5/5
  1775 | D:3      | Reached skill level 5 in Dodging
  2340 | D:4      | Found a blossoming altar of Fedhas.
  2364 | D:3      | Reached skill level 1 in Short Blades
  2458 | D:3      | Reached skill level 1 in Armour
  2458 | D:3      | Reached XP level 6. HP: 14/50 MP: 6/6
  2704 | D:4      | Noticed Sigmund
  2919 | D:4      | Found a broken altar of Ashenzari.
  2923 | D:4      | Saw a vision of the Shoals and the Spider Nest.
  2923 | D:4      | Noticed a merfolk aquamancer
  2923 | D:4      | Noticed a merfolk
  2923 | D:4      | Noticed a wolf spider
  2923 | D:4      | Noticed a culicivora
  2923 | D:4      | Noticed a moth of wrath
  2923 | D:4      | Noticed a manticore
  2923 | D:4      | Noticed a culicivora
  2923 | D:4      | Noticed a merfolk
  2923 | D:4      | Noticed a manticore
  2923 | D:4      | Noticed a redback
  2923 | D:4      | Noticed a demonic crawler
  2923 | D:4      | Noticed a sun moth
  2923 | D:4      | Noticed a jumping spider
  2923 | D:4      | Noticed a demonic crawler
  2923 | D:4      | Noticed a snapping turtle
  2923 | D:4      | Noticed a culicivora
  2923 | D:4      | Noticed a tarantella
  2923 | D:4      | Noticed a harpy
  2923 | D:4      | Noticed a tarantella
  2923 | D:4      | Noticed a steelbarb worm
  2923 | D:4      | Noticed a merfolk impaler
  2956 | D:5      | Entered Level 5 of the Dungeon
  2967 | D:5      | Noticed Pikel
  2985 | D:5      | HP: 2/50 [Pikel/iceblast (15)]
  2991 | D:4      | Killed from afar by Sigmund

Illustrated notes

Levels and vault maps discovered:
D:1:      minmay_arrival_solitary_statue, layout_basic
D:2:      layout_basic, basic_altar, chequers_ecumenical_altar_grove,
          uniq_terence
D:3:      layout_loops_cross, amcnicky_altar_gilded, cheibriados_altar_1,
          hangedman_decor_growths
D:4:      layout_cave_pools, grunt_ashenzari_visionary
          [grunt_ashenzari_visionary_shoals, grunt_ashenzari_visionary_spider],
          mainiacjoe_overflow_small_starburst, uniq_sigmund
D:5:      layout_loops_corners, serial_shops,
          nicolae_shop_competitors_out_of_business, shop, uniq_blork_the_orc,
          uniq_ijyb, uniq_pikel

Skill      XL: |  1  2  3  4  5  6 |
---------------+-------------------+-----
Long Blades    | 4 5 |  5.1
Fighting       | 4 |  4.9
Dodging        | 5 |  5.2
Short Blades   | 1 |  1.7
Armour         | 1 2 |  2.0
Stealth        | |  0.7
Shields        | |  0.1

Action                     |  1- 3 |  4- 6 || total
---------------------------+-------+-------++-------
  Melee: Falchion          |    60 |       ||    60
         Dagger            |     4 |    82 ||    86
         Short sword       |     4 |       ||     4
 Armour: Robe              |    13 |       ||    13
         Leather armour    |     1 |       ||     1
         Scale mail        |       |    29 ||    29
  Dodge: Dodged            |    45 |    45 ||    90
  Block: Buckler           |       |    13 ||    13
